 Dungeon Crawl Stone Soup version 0.28-a0-1143-gcf6077d4cc (webtiles) character file.

Game seed: 9517443617169041313

21 spaghetti the Charlatan (level 2, -2/16 HPs)
             Began as a Tengu Artificer on Dec 14, 2021.
             Slain by a gnoll (6 damage)
             ... on level 1 of the Dungeon.
             The game lasted 00:01:59 (1326 turns).

spaghetti the Charlatan (Tengu Artificer)           Turns: 1326, Time: 00:02:00

Health: -2/16      AC:  3    Str: 12    XL:     2   Next: 87%
Magic:  3/3        EV: 11    Int: 11    God:
Gold:   31         SH:  0    Dex: 14    Spells: 1/1 levels left

rFire   . . .      SeeInvis .   a - +0 club {mace}
rCold   . . .      Faith    .   (no shield)
rNeg    . . .      Spirit   .   b - +0 leather armour
rPois   .          Reflect  .   (helmet restricted)
rElec   .          Harm     .   (no cloak)
rCorr   .          Rampage  .   (no gloves)
Will    .....                   (boots unavailable)
Stlth   +.........              (no amulet)
HPRegen 0.05/turn               (no ring)
MPRegen 0.08/turn               (no ring)

@: no status effects
A: beak, talons 3
a: no special abilities


You were on level 1 of the Dungeon.
You visited 1 branch of the dungeon, and saw 1 of its levels.

You collected 31 gold pieces.


Innate Abilities, Weirdness & Mutations

You have a beak for a mouth.
You have claws for feet.


   Skills:
 - Level 1.0 Fighting
 + Level 2.5 Maces & Flails
 + Level 0.2 Throwing
 - Level 2.1 Armour
 - Level 1.1 Dodging
 - Level 1.0 Stealth
 - Level 3.0 Evocations


You had one spell level left.
You didn't know any spells.
Your spell library contained the following spells:

 Spells                   Type           Power      Damage    Failure   Level
 Animate Skeleton         Necr           0%         N/A       41%         1
 Apportation              Tloc           0%         N/A       41%         1
 Summon Small Mammal      Summ           0%         N/A       41%         1

Inventory:

Hand Weapons
 a - a +0 club (weapon) {mace}
Missiles
 f - 13 poisoned darts (quivered) {throwing}
Armour
 b - a +0 leather armour (worn)
 g - a +0 plate armour
   (You found it on level 1 of the Dungeon)
Wands
 c - a wand of flame (11)
 d - a wand of charming (15)
Miscellaneous
 e - a piece from Xom's chessboard (15/15)

Dungeon Overview and Level Annotations

Branches:
Dungeon (1/15)

Altars:

##### ### ..... ..#
##### #.# #
#.############ #
#.#.....g....# #
#.#......@.#
########.########.#
'...............#.#
########.#.###..#.#
# #.#......#.#
#.#.#.##.#.#
#.#........#
#.#....#.###
#.#..#.#.#


You could see a gnoll.


Message History

😕 HP[-1]
You take 1 damage, and now have 15/16 hp.
You hit the ball python but do no damage.
You claw the ball python. The ball python bites you.
The ball python constricts you. 😕 HP[-1]
You take 1 damage, and now have 14/16 hp.
You barely miss the ball python. Your peck misses the ball python.
The ball python bites you. The ball python constricts you.
The ball python closely misses you.
The ball python constricts you. 😮 HP[-2]
You take 2 damage, and now have 12/16 hp.
You are too injured to fight recklessly!
You are too injured to fight recklessly!
You are too injured to fight recklessly!
You are too injured to fight recklessly!
You are too injured to fight recklessly!
You are too injured to fight recklessly!
You are too injured to fight recklessly!
You are too injured to fight recklessly!
You are too injured to fight recklessly!
You are too injured to fight recklessly!
You are too injured to fight recklessly!
You are too injured to fight recklessly!
You are too injured to fight recklessly!
You are too injured to fight recklessly!
You are too injured to fight recklessly!
You are too injured to fight recklessly!
You barely miss the ball python. The ball python bites you.
The ball python constricts you. 😮 HP[-2]
You take 2 damage, and now have 10/16 hp.
Sorry, you're not good enough to have a special ability.
Unknown command.
Throw: 17 darts (poison) {throwing}
Press: ? - help, Q - select action, (/) - cycle Shift-Dir - straight line, f - ball python
Aim: a ball python (severely wounded, constricting you, 53% to hit)
You throw a poisoned dart {throwing}.
The poisoned dart {throwing} hits the ball python.
The ball python is poisoned.
You kill the ball python!
Throw: 16 darts (poison) {throwing}
Press: ? - help, Q - select action, (/) - cycle Shift-Dir - straight line, f - you That would be overly suicidal.
Okay, then.
Okay, then.
Unknown command.
f - 17 poisoned darts {throwing} (gained 1)
You open the door.
There is an open door here.
A gnoll comes into view. It is wielding a +0 spear. 😎 HP[+6]
Your hp is fully restored (16).
A gnoll is nearby!
The helpless gnoll fails to defend itself.
You hit the gnoll. The gnoll barely misses you.
You closely miss the gnoll. Your peck misses the gnoll.
The gnoll barely misses you.
You barely miss the gnoll. The gnoll closely misses you.
You closely miss the gnoll.
The gnoll hits you with a +0 spear. 😮 HP[-6]
You take 6 damage, and now have 10/16 hp.
MASSIVE DAMAGE!! (PAUSE) Throw: 17 darts (poison) {throwing}
Press: ? - help, Q - select action, (/) - cycle Shift-Dir - straight line, f - gnoll
Aim: a gnoll, wielding a +0 spear (lightly wounded, 61% to hit)
You throw a poisoned dart {throwing}.
The poisoned dart {throwing} barely misses the gnoll.
The gnoll closely misses you.
Throw: 16 darts (poison) {throwing}
Press: ? - help, Q - select action, (/) - cycle Shift-Dir - straight line, f/p - gnoll
Aim: a gnoll, wielding a +0 spear (lightly wounded, 61% to hit)
You throw a poisoned dart {throwing}.
The poisoned dart {throwing} barely misses the gnoll.
The gnoll closely misses you.
Throw: 15 darts (poison) {throwing}
Press: ? - help, Q - select action, (/) - cycle Shift-Dir - straight line, f/p - gnoll
Aim: a gnoll, wielding a +0 spear (lightly wounded, 61% to hit)
You throw a poisoned dart {throwing}.
The poisoned dart {throwing} hits the gnoll.
The gnoll hits you with a +0 spear.
* * * LOW HITPOINT WARNING * * *
😨 HP[-5]
You take 5 damage, and now have 5/16 hp.
MASSIVE DAMAGE!! (PAUSE) Throw: 14 darts (poison) {throwing}
Press: ? - help, Q - select action, (/) - cycle Shift-Dir - straight line, f/p - gnoll
Aim: a gnoll, wielding a +0 spear (lightly wounded, 61% to hit)
You throw a poisoned dart {throwing}.
The poisoned dart {throwing} barely misses the gnoll.
The gnoll hits you with a +0 spear.
* * * LOW HITPOINT WARNING * * *
😱 HP[-2]
You take 2 damage, and now have 3/16 hp.
Unknown command.
Aiming: Throw Flame
Press: ? - help, Shift-Dir - straight line, f/p - gnoll
Aim: a gnoll, wielding a +0 spear (lightly wounded, 75% to hit)
The puff of flame hits the gnoll!
The gnoll hits you with a +0 spear.
You die...

Skill      XL: |  1  2 |
---------------+-------+-----
Maces & Flails | 1 2 |  2.5
Fighting       | |  1.0
Throwing       | |  0.2
Armour         | |  2.1
Dodging        | |  1.1
Stealth        | |  1.0
Evocations     | |  3.0

Action                   || total
-------------------------++-------
Melee: Club              ||    28
       Kick              ||     6
       Peck              ||     4
Throw: Dart              ||    22
Evoke: Wand              ||     4
  Use: Scroll            ||     2
       Potion            ||     1
 Stab: Sleeping          ||     1
Armor: Leather armour    ||    11
       Skin              ||     1
Dodge: Dodged            ||    19

Levels and vault maps discovered:
D:1:      shiori_shiawase, layout_basic, st_stairs_5, minivault_19,
          kennysheep_boxes

Notes
Turn   | Place    | Note
-------+----------+-------------------------------------------
     0 | D:1      | spaghetti the Tengu Artificer began the quest for the Orb.
     0 | D:1      | Reached XP level 1. HP: 12/12 MP: 2/2
     0 | D:1      | magus.rc [v1.9.6]
   269 | D:1      | Reached skill level 1 in Maces & Flails
   372 | D:1      | Reached XP level 2. HP: 7/16 MP: 3/3
   379 | D:1      | HP: 4/16 [kobold (1)]
   383 | D:1      | Reached skill level 2 in Maces & Flails
  1076 | D:1      | You pick up a book of Cantrips and begin reading...
  1076 | D:1      | You add the spells Animate Skeleton, Summon Small Mammal
                  | and Apportation to your library.
  1325 | D:1      | HP: 3/16 [gnoll (2)]
  1326 | D:1      | Slain by a gnoll

Vanquished Creatures
  2 dart slugs (D:1)
  2 endoplasms (D:1)
  A giant cockroach (D:1)
  4 hobgoblins (D:1)
  2 ball pythons (D:1)
  A frilled lizard (D:1)
  2 kobolds (D:1)
  2 rats (D:1)
16 creatures vanquished.

Table legend:
 A = Non-vault XP
 B = Vault XP
 C = Vault XP percentage of total XP
 D = Non-vault monster count
 E = Vault monster count
 F = Vault count percentage of total count
                 A         B        C        D         E       F
            +---------+---------+-------+---------+---------+-------
      Total |      25 |       6 |  19.4 |      14 |       2 |  12.5
            +---------+---------+-------+---------+---------+-------
        D:1 |      25 |       6 |  19.4 |      14 |       2 |  12.5
            +---------+---------+-------+---------+---------+-------

Illustrated notes

Table legend:
 A = Kills in this place as a percentage of kills in entire the game.
 B = Kills by you in this place as a percentage of kills by you in the entire game.
 C = Kills by friends in this place as a percentage of kills by friends in the entire game.
 D = Other kills in this place as a percentage of other kills in the entire game.
 E = Experience gained in this place as a percentage of experience gained in the entire game.
 F = Experience gained in this place divided by the number of levels of this place that you have seen.
                   A       B       C       D       E      F
               +-------+-------+-------+-------+-------+----------------------
         Total | 100.0 | 100.0 |   N/A |   N/A | 100.0 |  31.0
       Dungeon | 100.0 | 100.0 |   N/A |   N/A | 100.0 |  31.0
               +-------+-------+-------+-------+-------+----------------------

Table legend: (Time is in decaauts)
 A = Elapsed time spent in this place.
 B = Non-inter-level travel time spent in this place.
 C = Inter-level travel time spent in this place.
 D = Time resting spent in this place.
 E = Time spent auto-exploring this place.
 F = Levels seen in this place.
 G = Mean time per level.
                   A        B        C        D        E       F      G
               +--------+--------+--------+--------+--------+-----+--------+
         Total |   1331 |   1331 |      0 |    373 |    835 |   1 | 1331.0 |
       Dungeon |   1331 |   1331 |      0 |    373 |    835 |   1 | 1331.0 |
               +--------+--------+--------+--------+--------+-----+--------+

Top non-repeatable levels by time:
     D:1: 1331 daAuts
